 Dungeon Crawl Stone Soup version 0.18.1-50-g88ac8fd (webtiles) character file.

114 Ponchio the Magician (level 4, -1/24 HPs)
             Began as a Deep Elf Conjurer on Oct 10, 2016.
             Slain by Apert's ghost (6 damage)
             ... on level 3 of the Dungeon.
             The game lasted 00:10:57 (2269 turns).

Ponchio the Magician (Deep Elf Conjurer)            Turns: 2269, Time: 00:10:59

Health: -1/24      AC:  2    Str:  5    XL:     4   Next: 66%
Magic:  12/14      EV: 13    Int: 21    God:
Gold:   116        SH:  0    Dex: 15    Spells: 2 memorised, 12 levels left

rFire  + . .     SeeInvis .     w - +2 falchion (holy)
rCold  x . .     Gourm    .     h - +0 robe (curse)
rNeg   . . .     Faith    .     (no shield)
rPois  .         Spirit   .     (no helmet)
rElec  .         Dismiss  .     (no cloak)
rCorr  +         Reflect  .     (no gloves)
SustAt .         Harm     .     (no boots)
MR     .....                    (no amulet)
Stlth  ++........               n - ring of fire
                                e - ring of resist corrosion

@: not resistant to hostile enchantments, unstealthy
A: no striking features
a: no special abilities


You were on level 3 of the Dungeon.
You were not hungry.

You visited 1 branch of the dungeon, and saw 3 of its levels.

You collected 116 gold pieces.

Inventory:

Hand Weapons
 o - a +1 dagger
 w - a +2 falchion of holy wrath (weapon)
Armour
 a - a +0 robe
 h - a cursed +0 robe (worn)
Jewellery
 e - a ring of resist corrosion (left hand)
 n - a ring of fire (right hand)
 v - an uncursed ring of poison resistance {unknown}
Scrolls
 d - a scroll of amnesia
 p - 2 scrolls of random uselessness {unknown}
 q - a scroll of noise {unknown}
 s - a scroll of remove curse
 t - a scroll of enchant armour {unknown}
 y - a scroll of fear {unknown}
 z - a scroll of teleportation {unknown}
Potions
 f - a potion of brilliance
 i - a potion of cancellation {unknown}
 j - a potion of curing
 l - a potion of lignification {unknown}
 r - 2 potions of haste {unknown}
 u - a potion of heal wounds {unknown}
Books
 b - a book of Conjurations

   Spells                             Type                      Level
   a - Magic Dart                     Conjuration                  1
   b - Searing Ray                    Conjuration                  2
   c - Dazzling Spray                 Conjuration/Hexes            3
   d - Fulminant Prism                Conjuration/Hexes            4
   e - Iskenderun's Mystic Blast      Conjuration                  4
   f - Iskenderun's Battlesphere      Conjuration/Charms           5
Comestibles
 c - 2 bread rations
 g - 3 chunks of flesh
 k - a royal jelly
 m - a slice of pizza
 x - 2 meat rations


   Skills:
 - Level 2.4 Dodging
 - Level 2.4 Stealth
 + Level 6.7 Spellcasting
 - Level 4.3 Conjurations


You had 12 spell levels left.
You knew the following spells:

 Your Spells              Type           Power        Failure   Level  Hunger
a - Magic Dart            Conj           ####         1%          1    None
b - Dazzling Spray        Conj/Hex       ###...       14%         3    #......


Dungeon Overview and Level Annotations

Branches:
Dungeon (3/15)

Altars:

Annotations:
D:3 Apert's ghost, amateur HOFi


Message History

Apert's ghost misses you.
You hit Apert's ghost.
Apert's ghost convulses.
Apert's ghost is lightly damaged.
Apert's ghost hits you! Apert's ghost hits you.
You slash Apert's ghost!
Apert's ghost convulses.
Apert's ghost is heavily damaged.
Apert's ghost closely misses you.
You hit Apert's ghost but do no damage.
Apert's ghost is heavily damaged.
Apert's ghost hits you but does no damage.
You hit Apert's ghost.
Apert's ghost convulses.
Apert's ghost is severely damaged.
Apert's ghost misses you.
You hit Apert's ghost but do no damage.
Apert's ghost is severely damaged.
Apert's ghost whispers, "Meet the emptiness of death!"
Apert's ghost hits you!
* * * LOW HITPOINT WARNING * * *
Apert's ghost hits you.
You die...

#..###..###.#.#.###..#
#..#...# #.....#.#.##
#...#†#.###.###.#.#
#.###.............#
#.##..#########.#.#
#....## #...# .
#.##.##########.###
....##.##.....†......#
........W@....#########
#######.####### #.# ..#
..## ... S... ###.#


You could see Apert's ghost.

Vanquished Creatures
  Ijyb (D:2)
  3 adders (D:2)
  A dart slug (D:2)
  3 worms (D:2)
  3 orcs (D:3)
  4 bats
  4 giant cockroaches
  8 goblins
  4 hobgoblins
  4 jackals (D:2)
  4 kobolds (D:2)
  4 giant newts
  4 rats
47 creatures vanquished.

Notes
Turn   | Place    | Note
--------------------------------------------------------------
     0 | D:1      | Ponchio the Deep Elf Conjurer began the quest for the Orb.
     0 | D:1      | Reached XP level 1. HP: 10/10 MP: 6/6
   268 | D:1      | Reached XP level 2. HP: 15/15 MP: 4/8
   308 | D:1      | Reached skill level 4 in Spellcasting
   711 | D:2      | Noticed Ijyb
   999 | D:2      | Reached XP level 3. HP: 19/19 MP: 6/11
  1004 | D:2      | Reached skill level 5 in Spellcasting
  1127 | D:2      | Learned a level 3 spell: Dazzling Spray
  1785 | D:2      | Killed Ijyb
  1785 | D:2      | Reached skill level 6 in Spellcasting
  1785 | D:2      | Reached XP level 4. HP: 12/24 MP: 1/14
  2237 | D:3      | Noticed Apert's ghost (amateur HOFi)
  2269 | D:3      | Slain by Apert's ghost

Skill      XL: |  1  2  3 |
---------------+----------+-----
Spellcasting   | 4 6 |  6.7
Dodging        | |  2.4
Stealth        | |  2.4
Conjurations   | |  4.3

Action                   |  1- 3 |  4- 6 || total
-------------------------+-------+-------++-------
Melee: Dagger            |     2 |       ||     2
       Falchion          |    27 |     5 ||    32
 Cast: Magic Dart        |    74 |    22 ||    96
       Dazzling Spray    |     4 |     2 ||     6
  Use: Scroll            |     4 |       ||     4
       Potion            |     1 |       ||     1
 Stab: Sleeping          |     2 |       ||     2
  Eat: Chunk             |     2 |     1 ||     3
       Beef jerky        |       |     1 ||     1
Armor: Robe              |    10 |     1 ||    11
Dodge: Dodged            |    31 |     5 ||    36
